 Dungeon Crawl Stone Soup version 0.31-a0-659-gc5a091b79a (webtiles) character file.

Game seed: 4947991917649961908

6323 Gargoyl the Cleaver (level 10, -14/64 HPs)
             Began as a Gargoyle Berserker on Aug 31, 2023.
             Was a Priest of Trog.
             Demolished by a centaur warrior simulacrum (28 damage)
             ... on level 10 of the Dungeon.
             The game lasted 00:13:29 (8962 turns).

Gargoyl the Cleaver (Gargoyle Berserker)            Turns: 8962, Time: 00:13:29

Health: -14/64     AC: 21    Str: 20    XL:     10   Next: 95%
Magic:  10/10      EV: 13    Int:  9    God:    Trog [***...]
Gold:   208        SH:  0    Dex: 19    Spells: 9/9 levels left

rFire   . . .        a - +1 hand axe
rCold   . . .        (no shield)
rNeg    + . .        u - +0 scale mail
rPois   ∞            r - +0 helmet
rElec   +            t - +0 cloak
rCorr   .            y - +1 pair of gloves {Stlth+}
SInv    .            l - +0 pair of boots
Will    .....        (no amulet)
Stlth   +++          x - +6 ring of dexterity
HPRegen 0.30/turn    (no ring)
MPRegen 0.12/turn

%: clarity
@: flying
A: sickness immunity, AC +7, negative energy resistance 1, electricity
resistance, torment resistance 1, petrification resistance, big wings, clarity
a: Renounce Religion, Berserk, Trog's Hand


You were on level 10 of the Dungeon.
You worshipped Trog.
Trog was most pleased with you.
You visited 1 branch of the dungeon, and saw 10 of its levels.

You collected 406 gold pieces.
You spent 198 gold pieces at shops.

Inventory:

Hand Weapons
 a - a +1 hand axe (weapon)
 i - a +2 heavy hand axe
Missiles
 c - 22 poisoned darts (quivered)
Armour
 l - a +0 pair of boots (worn)
 r - a +0 helmet (worn)
 t - a +0 cloak (worn)
 u - a +0 scale mail (worn)
 y - a +1 pair of gloves of stealth (worn)
Jewellery
 x - a +6 ring of dexterity (left hand)
 D - a ring of see invisible
Wands
 b - a wand of roots (7)
 e - a wand of flame (11)
 k - a wand of quicksilver (5)
Scrolls
 n - a scroll of enchant armour
 v - 2 scrolls of enchant weapon
 z - 3 scrolls of teleportation
 B - a scroll of butterflies
Potions
 d - a potion of cancellation
 f - 4 potions of curing
 g - a potion of berserk rage {unknown}
 h - a potion of degeneration {unknown}
 j - 3 potions of enlightenment {unknown}
 o - a potion of heal wounds {unknown}
 p - a potion of brilliance {unknown}
 q - a potion of invisibility {unknown}
 w - a potion of haste {unknown}
 C - a potion of might {unknown}


   Skills:
 + Level 7.8 Fighting
 + Level 10.1 Axes
 + Level 8.2 Armour
 + Level 5.6 Dodging
 + Level 4.5 Stealth


You had 9 spell levels left.
You didn't know any spells.
Your spell library was empty.

Dungeon Overview and Level Annotations

Branches:
Dungeon (10/15)            Temple (0/1) D:7
   Lair: D:8-11         Orc: D:9-12

Altars:
Ashenzari
Dithmenos
Elyvilon
Gozag
Vehumet
Xom
Yredelemnul

Shops:
D:2 ?   D:3 !   D:6 ![:   D:8 :

Annotations:
D:3 2 transporters


Innate Abilities, Weirdness & Mutations

You are immune to sickness and miasma.
Your stone body is resilient. (AC +7)
You are immune to poison.
You resist negative energy. (rN+)
You are resistant to electric shocks. (rElec)
You are resistant to unholy torment.
You are immune to petrification.
Your large and strong wings let you fly.
You possess an exceptional clarity of mind.


Message History

The ice beast is severely wounded.
Your skin stops crawling.
You feel less strong-willed.
The ice beast hits you but does no damage.
You barely miss the ice beast.
The ice beast is severely wounded.
The ice beast hits you but does no damage.
You barely miss the ice beast.
The ice beast is severely wounded.
The ice beast closely misses you.
You slash the ice beast!
You kill the ice beast!
Trog accepts your kill.
You feel yourself speed up.
You recover from your berserk rage.
A centaur warrior simulacrum comes into view.
A centaur warrior simulacrum is nearby!
The centaur warrior simulacrum hits you.
The centaur warrior simulacrum freezes you!!
The centaur warrior simulacrum barely misses you.
The centaur warrior simulacrum misses you.
The centaur warrior simulacrum completely misses you.
You slash the centaur warrior simulacrum!
The centaur warrior simulacrum is moderately damaged.
The centaur warrior simulacrum hits you but does no damage.
The centaur warrior simulacrum kicks you but does no damage.
You hit the centaur warrior simulacrum.
The centaur warrior simulacrum is heavily damaged.
The centaur warrior simulacrum closely misses you.
The centaur warrior simulacrum kicks you but does no damage.
You barely miss the centaur warrior simulacrum.
The centaur warrior simulacrum is heavily damaged.
The centaur warrior simulacrum barely misses you.
The centaur warrior simulacrum kicks you but does no damage.
Unknown command.
You hit the centaur warrior simulacrum.
The centaur warrior simulacrum is heavily damaged.
The centaur warrior simulacrum hits you!
* * * LOW HITPOINT WARNING * * *
The centaur warrior simulacrum freezes you!!
You die...

.## .. # ....... ..#..
.. ....... #.... ...
####...# ##.#.. .....
......#####..#.. .....##
#........#.....
.......###.......[......
......Z@..#...........<.
..........#.../........#
........................
...##.......))..........
.. #......)...........#
. ........†...........#
............).........
..###.§...............
.. #§................


You could see a centaur warrior simulacrum.

Vanquished Creatures
  A two-headed ogre (D:8)
  Joseph (D:7)
  Maggie (D:8)
  The ghost of blacky4 the Trooper, a novice VSFi (D:5)
  A hornet (D:8)
  Grinder (D:4)
  6 yaks (D:10)
  A wyvern (D:8)
  2 steam dragons
  An acid dragon (D:8)
  4 water moccasins
  2 black bears (D:6)
  A sky beast (D:7)
  5 ice beasts
  An ogre (D:6)
  A wolf (D:10)
  2 kobold brigands
  Blork the orc (D:6)
  A bullfrog (D:7)
  2 scorpions
  3 killer bees (D:8)
  A howler monkey (D:6)
  4 quasits (D:5)
  4 jellies
  Crazy Yiuf (D:4)
  5 hounds
  4 orc priests
  2 iguanas
  6 orc wizards
  2 centaur simulacra (D:10)
  Robin (D:4)
  8 gnolls (D:3)
  12 adders
  4 shadow imps
  3 white imps
  3 worms
  3 dart slugs
  24 orcs
  6 ball pythons
  6 endoplasms
  6 giant cockroaches
  17 goblins
  6 hobgoblins
  20 kobolds
  3 quokkas
  3 bats
  2 frilled lizards
  4 rats
199 creatures vanquished.

Notes
Turn   | Place    | Note
-------+----------+-------------------------------------------
     0 | D:1      | Gargoyl the Gargoyle Berserker began the quest for the Orb.
     0 | D:1      | Reached XP level 1. HP: 14/14 MP: 1/1
   185 | D:1      | Reached skill level 3 in Axes
   185 | D:1      | Reached XP level 2. HP: 16/19 MP: 2/2
   815 | D:1      | Reached XP level 3. HP: 24/24 MP: 3/3
  1164 | D:2      | Found Umiebiug's Magic Scroll Boutique.
  1302 | D:2      | Reached skill level 1 in Stealth
  1337 | D:2      | Reached ** piety under Trog
  1415 | D:2      | Reached XP level 4. HP: 24/29 MP: 4/4
  2090 | D:3      | Found a transporter.
  2165 | D:3      | Reached XP level 5. HP: 28/33 MP: 5/5
  2186 | D:3      | Reached skill level 4 in Axes
  2361 | D:3      | Gained mutation: You possess an exceptional clarity of
                  | mind. [potion of mutation]
  2361 | D:3      | Gained mutation: Your large and strong wings let you fly.
                  | [potion of mutation]
  2386 | D:3      | Found a transporter.
  2388 | D:3      | Found Yzucanop's Distillery.
  2832 | D:3      | Reached XP level 6. HP: 36/38 MP: 6/6
  3842 | D:4      | Noticed Grinder
  3848 | D:4      | Paralysed by Grinder for 2 turns
  3853 | D:5      | Entered Level 5 of the Dungeon
  3896 | D:4      | Paralysed by Grinder for 5 turns
  3927 | D:4      | Killed Grinder
  3928 | D:4      | Reached skill level 5 in Axes
  3928 | D:4      | Reached XP level 7. HP: 40/44 MP: 7/7
  3944 | D:4      | Noticed Robin
  3962 | D:4      | Killed Robin
  4068 | D:4      | Found a shadowy altar of Dithmenos.
  4287 | D:4      | Found a runed translucent door.
  4288 | D:4      | Noticed Crazy Yiuf
  4444 | D:4      | Paralysed by Crazy Yiuf for 3 turns
  4449 | D:4      | Killed Crazy Yiuf
  4450 | D:4      | Reached skill level 5 in Fighting
  4725 | D:5      | Found a radiant altar of Vehumet.
  4763 | D:5      | Found a transporter.
  4972 | D:5      | Found a broken altar of Ashenzari.
  4977 | D:5      | Noticed a steam dragon
  4991 | D:5      | Killed a steam dragon
  5113 | D:5      | Reached skill level 6 in Axes
  5151 | D:5      | Reached XP level 8. HP: 49/49 MP: 8/8
  5160 | D:5      | Reached *** piety under Trog
  5343 | D:5      | Found a transporter.
  5348 | D:5      | Noticed blacky4's ghost (novice VSFi)
  5399 | D:5      | Killed blacky4's ghost
  5829 | D:6      | Noticed Blork the orc
  5845 | D:6      | Killed Blork the orc
  5846 | D:6      | Reached skill level 7 in Axes
  5847 | D:6      | Reached XP level 9. HP: 55/55 MP: 9/9
  5934 | D:6      | Found Weungo's Distillery.
  5990 | D:6      | Found an opulent altar of Gozag.
  6159 | D:6      | Found a shimmering altar of Xom.
  6174 | D:6      | Found Susi Jusch's Armour Shop.
  6236 | D:6      | Bought a +1 pair of gloves of stealth for 198 gold pieces
  6328 | D:6      | Found a white marble altar of Elyvilon.
  6484 | D:6      | Found Laigy's Tremendous Tomes.
  6749 | D:7      | Reached skill level 5 in Armour
  6752 | D:7      | Identified the +0 chain mail of Tup Weqeh {rElec rC- Will+
                  | Dex+6}
  6898 | D:7      | Reached skill level 8 in Axes
  7026 | D:7      | Identified the +0 chain mail "Rexodd" {Int+3}
  7368 | D:7      | Noticed Joseph
  7387 | D:7      | Killed Joseph
  7388 | D:7      | Reached skill level 5 in Dodging
  7419 | D:7      | Found a staircase to the Ecumenical Temple.
  7894 | D:8      | Reached XP level 10. HP: 61/61 MP: 10/10
  7958 | D:8      | Noticed a two-headed ogre
  8020 | D:8      | Killed a two-headed ogre
  8021 | D:8      | Reached skill level 9 in Axes
  8102 | D:8      | Noticed Maggie
  8118 | D:8      | Killed Maggie
  8304 | D:8      | Found Dusav's Self-Published Books.
  8457 | D:8      | Identified the +1 robe of Lohaut {Regen+ MP+9}
  8503 | D:8      | Found a basalt altar of Yredelemnul.
  8844 | D:9      | You are sucked into a shaft and drop 1 floor!
  8844 | D:10     | Entered Level 10 of the Dungeon
  8854 | D:10     | Identified the +1 scale mail "Umuyhosch" {rElec rC- Regen+
                  | SInv}
  8902 | D:10     | Reached skill level 10 in Axes
  8962 | D:10     | Demolished by a centaur warrior simulacrum

Illustrated notes

Levels and vault maps discovered:
D:1:      co_arrival_random_square_maze, layout_loops_corners,
          minmay_misc_feat_encased, nicolae_wormholes
D:2:      layout_basic, serial_glass, glass_columns_a, glass_columns_c,
          serial_shops, shop
D:3:      layout_loops_ring, serial_shops, nicolae_shop_drivethru,
          nrook_loot_triangle, serial_bayou_crossing
D:4:      layout_basic, nicolae_dithmenos_the_darkroom, uniq_grinder,
          uniq_robin, uniq_crazy_yiuf_cottage
D:5:      layout_loops_cross, lemuel_crystal_altar, nicolae_vehumet_radiance,
          gammafunk_ghost_stat_death, corexii_hall_statues_t, nrook_campfire,
          minmay_puff
D:6:      layout_basic, general_overflow_altar,
          mainiacjoe_overflow_cross_hatched, overflow_temple_1_default,
          serial_shops, nicolae_shop_just_a_little_nook, kennysheep_diamond,
          chequers_serial_rivers_marsh, grunt_decor_resistance,
          nicolae_shop_i_like_big_books, uniq_blork_the_orc
D:7:      layout_loops_corners, minmay_temple_entry_hall, minivault_23,
          uniq_joseph
D:8:      layout_basic, marbit_many_paths, chequers_serial_rivers_micro_b,
          hangedman_decor_diamond_cutter, nicolae_custom_books, uniq_maggie
D:9:      layout_roguey, uniq_maurice
D:10:     layout_cave_pools, serial_ice, serial_ice_e, serial_ice_g,
          serial_ice_h, serial_ice_a, minmay_misc_feat_tower

Skill      XL: |  1  2  3  4  5  6  7  8  9 10 |
---------------+-------------------------------+-----
Axes           | 3 4 5 6 7 8 10 | 10.1
Stealth        | 1 2 3 4 |  4.5
Dodging        | 2 3 4 5 |  5.6
Fighting       | 4 5 6 7 |  7.8
Armour         | 4 6 8 |  8.2

Action                     |  1- 3 |  4- 6 |  7- 9 | 10-12 || total
---------------------------+-------+-------+-------+-------++-------
  Melee: Hand axe          |   109 |   219 |   509 |   204 ||  1041
         Punch             |       |       |     9 |     2 ||    11
 Invoke: Berserk           |       |     6 |     8 |     5 ||    19
         Trog's Hand       |       |     2 |     4 |     6 ||    12
    Use: Scroll            |       |     5 |     2 |     6 ||    13
         Potion            |       |     1 |       |     3 ||     4
   Stab: Sleeping          |       |     1 |     4 |     1 ||     6
 Armour: Animal skin       |    59 |   171 |    37 |       ||   267
         Scale mail        |       |       |   471 |   185 ||   656
  Dodge: Dodged            |    80 |   152 |   407 |   120 ||   759

Table legend: (Time is in decaauts)
 A = Elapsed time spent in this place.
 B = Non-inter-level travel time spent in this place.
 C = Inter-level travel time spent in this place.
 D = Time resting spent in this place.
 E = Time spent auto-exploring this place.
 F = Levels seen in this place.
 G = Mean time per level.
                   A        B        C        D        E       F      G
               +--------+--------+--------+--------+--------+-----+--------+
         Total |   9095 |   8879 |    216 |    546 |   6032 |  10 |  909.5 |
       Dungeon |   9095 |   8879 |    216 |    546 |   6032 |  10 |  909.5 |
               +--------+--------+--------+--------+--------+-----+--------+

Top non-repeatable levels by time:
     D:3: 1571 daAuts
     D:1: 1140 daAuts
     D:7: 1109 daAuts
     D:4: 1107 daAuts
     D:6: 1106 daAuts
     D:5: 1079 daAuts
     D:8: 989 daAuts
     D:2: 839 daAuts
    D:10: 119 daAuts
     D:9: 32 daAuts
